 Dungeon Crawl Stone Soup version 0.20.1-1-g8b1a95d (webtiles) character file.

74 Heedrag the Covered (level 4, -2/40 HPs)
             Began as a Minotaur Fighter on July 21, 2017.
             Slain by a water moccasin (5 damage)
             ... on level 4 of the Dungeon.
             The game lasted 00:02:25 (1646 turns).

Heedrag the Covered (Minotaur Fighter)              Turns: 1646, Time: 00:02:25

Health: -2/40      AC:  7    Str: 21    XL:     4   Next: 10%
Magic:  3/3        EV:  7    Int:  5    God:
Gold:   141        SH:  9    Dex: 10    Spells: 3/3 levels left

rFire    . . .     SeeInvis .   a - +0 war axe
rCold    . . .     Gourm    .   c - +0 shield
rNeg     . . .     Faith    +   b - +0 scale mail
rPois    .         Spirit   .   (helmet restricted)
rElec    .         Reflect  .   (no cloak)
rCorr    .         Harm     .   (no gloves)
MR       .....                  (no boots)
Stlth    ..........             h - amulet of faith
Regen    0.2/turn               (no ring)
MPRegen  0.1/turn               (no ring)

@: very slightly contaminated
A: retaliatory headbutt, horns 2
a: no special abilities


You were on level 4 of the Dungeon.
You were hungry.

You visited 1 branch of the dungeon, and saw 4 of its levels.

You collected 141 gold pieces.

Inventory:

Hand Weapons
 a - a +0 war axe (weapon)
Armour
 b - a +0 scale mail (worn)
 c - a +0 shield (worn)
 m - a +0 large shield
Jewellery
 h - an amulet of faith (around neck)
 n - an uncursed ring of fire
 y - an uncursed ring of fire
Wands
 x - a wand of flame (48/48)
Scrolls
 e - 4 scrolls of remove curse {unknown}
 g - 4 scrolls of amnesia {unknown}
 l - 2 scrolls of identify {unknown}
 o - 2 scrolls of teleportation {unknown}
Potions
 d - 2 potions of might
 i - 3 potions of curing {unknown}
 q - 2 potions of mutation {unknown}
 r - 2 potions of degeneration {unknown}
 u - a potion of invisibility {unknown}
 v - a potion of flight {unknown}
Comestibles
 f - 9 bread rations
 k - 2 royal jellies
 t - 2 meat rations
 w - a fruit
 z - a chunk of flesh


   Skills:
 + Level 4.2 Fighting
 + Level 3.3 Axes
 + Level 4.5 Armour
 + Level 0.7 Dodging
 + Level 4.1 Shields


You had 3 spell levels left.
You didn't know any spells.

Dungeon Overview and Level Annotations

Branches:
Dungeon (4/15)
 Temple: D:4-7

Altars:
Ru


Innate Abilities, Weirdness & Mutations

You reflexively headbutt those who attack you in melee.
You have a pair of horns on your head.


Message History

The water moccasin is moderately wounded.
You block the water moccasin's attack. x2
You closely miss the water moccasin.
The water moccasin is moderately wounded.
The water moccasin bites you!
* * * LOW HITPOINT WARNING * * *
You block the water moccasin's attack.
You completely miss the water moccasin.
The water moccasin is moderately wounded.
You are feeling hungry.
You block the water moccasin's attack. The water moccasin bites you!
* * * LOW HITPOINT WARNING * * *
You closely miss the water moccasin.
Your headbutt misses the water moccasin.
The water moccasin is moderately wounded.
You block the water moccasin's attack. x2
Your shield prevents you from hitting the water moccasin.
The water moccasin is moderately wounded.
The water moccasin bites you.
You die...

*,,,,,,***,***
*,,,,..***,*
########,,,,..,,,,*
#......#****.#*****
#.####.# *.# #.#
#.# *.# #.# #.# *.#
#.# #.#####S#
######.# #.....@.#
#......# #########
#.###### #.# #.#
#.# #<# ###


You could see a water moccasin.

Vanquished Creatures
  4 adders
  A worm (D:2)
  A leopard gecko (D:1)
  3 orcs (D:3)
  A ball python (D:2)
  7 hobgoblins
  5 kobolds
  3 bats (D:1)
  A frilled lizard (D:2)
  2 goblins (D:1)
  6 rats
34 creatures vanquished.

Notes
Turn   | Place    | Note
-------+----------+-------------------------------------------
     0 | D:1      | Heedrag the Minotaur Fighter began the quest for the Orb.
     0 | D:1      | Reached XP level 1. HP: 19/19 MP: 0/0
   228 | D:1      | Reached XP level 2. HP: 13/27 MP: 1/1
   779 | D:2      | Reached XP level 3. HP: 29/33 MP: 2/2
  1289 | D:3      | Found a sacrificial altar of Ru.
  1606 | D:3      | Reached XP level 4. HP: 19/40 MP: 3/3
  1641 | D:4      | Noticed a water moccasin
  1646 | D:4      | Slain by a water moccasin

Skill      XL: |  1  2  3 |
---------------+----------+-----
Armour         | 4 |  4.5
Fighting       | 4 |  4.2
Shields        | 4 |  4.1
Axes           | 3 |  3.3
Dodging        | |  0.7

Action                   |  1- 3 |  4- 6 || total
-------------------------+-------+-------++-------
Melee: War axe           |   108 |     5 ||   113
       Headbutt          |    14 |     1 ||    15
  Use: Scroll            |       |     3 ||     3
  Eat: Chunk             |     2 |       ||     2
Armor: Scale mail        |    46 |       ||    46
Dodge: Dodged            |    34 |       ||    34
Block: Shield            |    52 |     6 ||    58
